 Dungeon Crawl Stone Soup version 0.28-a0-1404-g4df0f3684d (webtiles) character file.

Game seed: 1313248752217901023

407 RepHenryClay the Slasher (level 6, -2/70 HPs)
             Began as a Demonspawn Berserker on Jan 5, 2022.
             Was a Believer of Trog.
             Slain by a gnoll (4 damage)
             ... on level 4 of the Dungeon.
             The game lasted 00:05:16 (4065 turns).

RepHenryClay the Slasher (Demonspawn Berserker)     Turns: 4065, Time: 00:05:16

Health: -2/70      AC:  2    Str: 20    XL:     6   Next: 57%
Magic:  6/6        EV:  6    Int:  8    God:    Trog [**....]
Gold:   190        SH:  0    Dex: 12    Spells: 5/5 levels left

rFire   . . .      SeeInvis .   b - +0 dagger (venom)
rCold   . . .      Faith    .   (no shield)
rNeg    + . .      Spirit   .   (no armour)
rPois   .          Reflect  +   m - +1 helmet
rElec   .          Harm     +   h - scarf {harm}
rCorr   .          Rampage  .   (no gloves)
Will    .....                   (no boots)
Stlth   ..........              f - amulet of reflection
HPRegen 0.21/turn               e - ring of positive energy
MPRegen 0.20/turn               (no ring)

@: berserking, held, very quick
A: claws 1, demonic guardian 1, magic regeneration
a: Renounce Religion, Berserk, Trog's Hand


You were on level 4 of the Dungeon.
You worshipped Trog.
Trog was pleased with you.
You visited 1 branch of the dungeon, and saw 4 of its levels.

You collected 190 gold pieces.

Inventory:

Hand Weapons
 a - a +0 falchion
 b - a +0 dagger of venom (weapon)
Missiles
 s - a throwing net (quivered)
 t - 3 curare-tipped darts
Armour
 h - a scarf of harm (worn)
 k - a +0 animal skin
 m - a +1 helmet (worn)
 r - a +0 leather armour
Jewellery
 e - a ring of positive energy (left claw)
 f - an amulet of reflection (around neck)
Scrolls
 c - 2 scrolls of identify {unknown}
 d - 3 scrolls of fog {unknown}
 g - a scroll of magic mapping {unknown}
 j - a scroll of teleportation {unknown}
 l - a scroll of blinking {unknown}
 n - a scroll of brand weapon {unknown}
Potions
 i - a potion of degeneration {unknown}
 o - 2 potions of lignification {unknown}
 p - a potion of mutation {unknown}
 q - a potion of curing {unknown}


   Skills:
 - Level 3.2 Fighting
 + Level 6.5 Long Blades
 - Level 2.1 Armour
 - Level 2.1 Dodging


You had 5 spell levels left.
You didn't know any spells.
Your spell library was empty.

Dungeon Overview and Level Annotations

Branches:
Dungeon (4/15)
 Temple: D:4-7

Altars:
Wu Jian

Shops:
D:2 [

Annotations:
D:3 Ijyb


Innate Abilities, Weirdness & Mutations

You have sharp fingernails.
A weak demonic guardian rushes to your aid.
You regenerate magic rapidly.


Message History

Found 21 bolts.
You open the door.
There is an open door here.
A gnoll comes into view. It is wielding a +0 spear.
A gnoll comes into view. It is wielding a +0 spear.
Found an escape hatch in the ceiling.
The gnoll shouts!
You hear a shout! x2
A gnoll comes into view. It is wielding a +0 flail.
A gnoll and a gnoll shaman come into view.
The gnoll shouts!
The gnoll shaman shouts!
The gnoll shouts!
A gnoll comes into view. It is wielding a +0 spear.
The gnoll shouts!
The gnoll hits you with a +0 spear.
Damage: -12%(-6hp) hp: 88%(41hp)
The gnoll shaman invokes the aid of its god against you.
You resist with some effort. The gnoll misses you.
There is a stone staircase leading up here.
The gnoll misses you.
The gnoll hits you from afar with a +0 spear!
There is a stone staircase leading up, spattered with blood here.
Huge Dmg: -21%(-10hp) hp: 69%(32hp)
The gnoll hits you with a +0 spear. The gnoll hits you with a +0 flail!
* * * LOW HITPOINT WARNING * * *
A demonic guardian appears!
The gnoll throws a throwing net.
The throwing net hits you.
You become entangled in the net!
You stop ascending the stairs.
Huge Dmg: -41%(-19hp) hp: 28%(13hp)
Okay, then.
Unknown command.
A red film seems to cover your vision as you go berserk!
You feel yourself moving faster!
You feel mighty! The gnoll hits you with a +0 spear.
* * * LOW HITPOINT WARNING * * *
The gnoll shaman calls upon its god to speed up the gnoll.
The gnoll seems to speed up.
The gnoll hits you with a +0 spear.
* * * LOW HITPOINT WARNING * * *
The gnoll hits you with a +0 flail.
* * * LOW HITPOINT WARNING * * *
The gnoll hits you from afar with a +0 spear.
You die...

....#.# #.#.#.# #.#.#.#
##### ####.#.#.###....#
#....#'#....(...#
######........#......##
..#......................
.........g.g.............
..######.@.gg............
#.gg#.............
#.5.#.....##......
#...#......#......
#...#......# ...##
#...#......# .<.#
##........## ###
+.........


You could see a gnoll shaman, 5 gnolls and a friendly shadow imp (summoned).

Vanquished Creatures
  Grinder (D:3)
  An orc wizard (D:3)
  3 gnolls
  An adder (D:3)
  3 worms
  2 dart slugs (D:2)
  3 orcs (D:3)
  4 endoplasms
  3 giant cockroaches
  3 goblins
  7 hobgoblins
  4 jackals
  5 kobolds
  8 quokkas
  3 ball pythons
  A bat (D:1)
  3 frilled lizards
  2 rats (D:1)
57 creatures vanquished.

Vanquished Creatures (collateral kills)
  An ogre (D:2)
  A ball python (D:1)
  3 jackals (D:2)
  A rat (D:1)
6 creatures vanquished.

Vanquished Creatures (others)
  43 plants (D:3)
43 creatures vanquished.

Grand Total: 106 creatures vanquished

Notes
Turn   | Place    | Note
-------+----------+-------------------------------------------
     0 | D:1      | RepHenryClay the Demonspawn Berserker began the quest for
                  | the Orb.
     0 | D:1      | Reached XP level 1. HP: 18/18 MP: 1/1
    64 | D:1      | Gained mutation: A weak demonic guardian rushes to your
                  | aid. [demonic ancestry]
    64 | D:1      | Reached XP level 2. HP: 5/24 MP: 2/2
   632 | D:1      | Reached skill level 3 in Long Blades
   817 | D:1      | Gained mutation: You regenerate magic rapidly. [demonic
                  | ancestry]
   817 | D:1      | Reached XP level 3. HP: 29/29 MP: 3/3
  1166 | D:2      | Found an ornate altar of the Wu Jian Council.
  1832 | D:2      | Reached ** piety under Trog
  1896 | D:2      | Noticed an ogre
  2184 | D:2      | Killed an ogre
  2185 | D:2      | Reached skill level 4 in Long Blades
  2185 | D:2      | Reached XP level 4. HP: 6/35 MP: 4/4
  2263 | D:2      | Reached XP level 5. HP: 18/41 MP: 5/5
  2464 | D:2      | Found Mifuot's Armour Shop.
  2703 | D:3      | Found a faded altar of an unknown god.
  2800 | D:3      | Noticed Ijyb
  2825 | D:3      | Noticed Grinder
  2897 | D:3      | Reached skill level 5 in Long Blades
  2973 | D:3      | Killed Grinder
  2974 | D:3      | Reached skill level 6 in Long Blades
  2974 | D:3      | Gained mutation: You have sharp fingernails. [demonic
                  | ancestry]
  2974 | D:3      | Reached XP level 6. HP: 47/47 MP: 6/6
  4065 | D:4      | HP: 2/70 [gnoll (7)]
  4065 | D:4      | Slain by a gnoll

Illustrated notes

Levels and vault maps discovered:
D:1:      dpeg_arrival_shelter, layout_basic, minmay_misc_feat_tiny,
          hangedman_feature_mirror, glass_columns_a, minmay_surrounded
D:2:      layout_loops_ring, basic_altar, serial_shops, shop,
          minmay_pentomino_q2
D:3:      wad_woods_tower, layout_basic, basic_ecumenical_altar, uniq_ijyb,
          uniq_grinder
D:4:      layout_basic, kennysheep_generic_room_6

Skill      XL: |  1  2  3  4  5 |
---------------+----------------+-----
Armour         | 2 |  2.1
Dodging        | 2 |  2.1
Long Blades    | 3 4 6 |  6.5
Fighting       | |  3.2

Action                   |  1- 3 |  4- 6 || total
-------------------------+-------+-------++-------
Melee: Falchion          |    72 |       ||    72
       Dagger            |    32 |   135 ||   167
       Punch             |     1 |     4 ||     5
Invok: Berserk           |     2 |     1 ||     3
       Trog's Hand       |       |     2 ||     2
Armor: Animal skin       |    10 |    17 ||    27
       Skin              |       |     4 ||     4
Dodge: Dodged            |    54 |    56 ||   110
Block: Other             |    16 |    24 ||    40
       Reflection        |       |     1 ||     1

Table legend: (Time is in decaauts)
 A = Elapsed time spent in this place.
 B = Non-inter-level travel time spent in this place.
 C = Inter-level travel time spent in this place.
 D = Time resting spent in this place.
 E = Time spent auto-exploring this place.
 F = Levels seen in this place.
 G = Mean time per level.
                   A        B        C        D        E       F      G
               +--------+--------+--------+--------+--------+-----+--------+
         Total |   4076 |   3952 |    124 |    595 |   2798 |   4 | 1019.0 |
       Dungeon |   4076 |   3952 |    124 |    595 |   2798 |   4 | 1019.0 |
               +--------+--------+--------+--------+--------+-----+--------+

Top non-repeatable levels by time:
     D:2: 1604 daAuts
     D:3: 1294 daAuts
     D:1: 1151 daAuts
     D:4: 25 daAuts
